 Dungeon Crawl Stone Soup version 0.23.0 (webtiles) character file.

Game seed: 16569202963846217518

45 inmateoo the Charmwright (level 3, -5/18 HPs)
             Began as a Vine Stalker Skald on Feb 10, 2019.
             Slain by a gnoll
             ... wielding a +0 spear
              (8 damage)
             ... on level 2 of the Dungeon.
             The game lasted 00:00:55 (1248 turns).

inmateoo the Charmwright (Vine Stalker Skald)       Turns: 1248, Time: 00:00:56

Health: -5/18      AC:  3    Str: 14    XL:     3   Next: 64%
Magic:  0/7        EV: 12    Int: 13    God:
Gold:   83         SH:  0    Dex: 13    Spells: 6/7 levels left

rFire    . . .     SeeInvis .   a - +0 falchion
rCold    . . .     Gourm    .   (no shield)
rNeg     . . .     Faith    .   b - +0 leather armour
rPois    .         Spirit   +   (no helmet)
rElec    .         Reflect  .   (no cloak)
rCorr    .         Harm     .   (no gloves)
MR       .....                  (no boots)
Stlth    +.........             (no amulet)
HPRegen  0.06/turn              (no ring)
MPRegen  0.10/turn              (no ring)

@: no status effects
A: fangs 2, magic shield, antimagic bite, no potion heal 3, rot immunity
a: no special abilities


You were on level 2 of the Dungeon.
You were not hungry.

You visited 1 branch of the dungeon, and saw 2 of its levels.

You collected 83 gold pieces.

Inventory:

Hand Weapons
 a - a +0 falchion (weapon)
Armour
 b - a +0 leather armour (worn)
Jewellery
 f - an uncursed amulet of the gourmand {unknown}
Scrolls
 c - a scroll of remove curse {unknown}
 h - a scroll of teleportation {unknown}
Potions
 e - 2 potions of lignification {unknown}
 g - a potion of agility {unknown}
Comestibles
 d - 3 rations


   Skills:
 + Level 2.0 Fighting
 * Level 2.5 Long Blades
 + Level 1.1 Armour
 + Level 1.8 Dodging
 + Level 2.5 Spellcasting
 + Level 3.1 Charms


You had 6 spell levels left.
You knew the following spells:

 Your Spells              Type           Power        Failure   Level  Hunger
a - Infusion              Chrm           #...         9%          1    #......

Your spell library contained the following spells:

 Spells                   Type           Power        Failure   Level  Hunger
 Song of Slaying          Chrm           #.......     12%         2    ###....
 Shroud of Golubria       Chrm/Tloc      #.........   24%         2    ###....
 Regeneration             Chrm/Necr      #.........   43%         3    ###....
 Spectral Weapon          Hex/Chrm       #.......     43%         3    ###....


Dungeon Overview and Level Annotations

Branches:
Dungeon (2/15)

Altars:


Innate Abilities, Weirdness & Mutations

You have extremely sharp teeth.
When hurt, damage is shared between your health and your magic reserves.
Your bite disrupts and absorbs the magic of your enemies.
Potions cannot restore your health.
You are immune to rotting.


Message History

You kill the frilled lizard!
The gnoll hits you but does no damage.
Unknown command.
You hit the gnoll but do no damage. You bite the gnoll, but do no damage.
The gnoll is moderately wounded.
The gnoll hits you with a +0 spear.
You are too injured to fight recklessly!
You are too injured to fight recklessly!
Unknown command.
You are too injured to fight recklessly!
You hit the gnoll but do no damage. You bite the gnoll. You drain its power.
You feel invigorated.
The gnoll is heavily wounded.
The gnoll hits you with a +0 spear!
* * * LOW HITPOINT WARNING * * *
You are too injured to fight recklessly!
You are too injured to fight recklessly!
Unknown command.
The gnoll hits you from afar with a +0 spear!
You die...

#g.#...... #l........ .##
#.##...... ..#
##.##...... #.# #.l.#
..... #.# #.#.# ##### #.#
#..g#### #########.#
#......# #......##(#
#.#.#..# #.####@##.####
#..###.###.#.†<.......#
#.## ##..g..gg....###.#
#..###.###...####.).#.##
#...#..##..##....##....#
####..#...#........#...##
##....#.#....†.#.#...#
##...#..#....#..#...#
#..#...†#.)#....#..#


You could see 2 gnolls and a goblin.

Vanquished Creatures
  A gnoll (D:1)
  An adder (D:1)
  An ooze (D:1)
  2 leopard geckos (D:1)
  3 goblins
  3 hobgoblins
  4 bats
  4 frilled lizards
  A kobold (D:1)
  3 rats
23 creatures vanquished.

Notes
Turn   | Place    | Note
-------+----------+-------------------------------------------
     0 | D:1      | inmateoo the Vine Stalker Skald began the quest for the
                  | Orb.
     0 | D:1      | Reached XP level 1. HP: 11/11 MP: 4/4
   130 | D:1      | Reached XP level 2. HP: 13/15 MP: 6/6
   141 | D:1      | Reached skill level 1 in Armour
   785 | D:2      | Reached XP level 3. HP: 10/18 MP: 7/7
  1248 | D:2      | Slain by a gnoll

Skill      XL: |  1  2  3 |
---------------+----------+-----
Long Blades    | 2 |  2.5
Armour         | 1 |  1.1
Fighting       | 2 |  2.0
Dodging        | |  1.8
Spellcasting   | |  2.5
Charms         | |  3.1

Action                   || total
-------------------------++-------
Melee: Falchion          ||    57
       Bite              ||    25
  Eat: Chunk             ||     1
Armor: Leather armour    ||    20
Dodge: Dodged            ||    59
       Rpst.: Falchion   ||    21
